 Dungeon Crawl Stone Soup version 0.22.1-1-ga44c0e56f4 (webtiles) character file.

32063 Gunterle the Covert (level 13, -4/70 HPs)
             Began as a Spriggan Fighter on Sept 23, 2018.
             Was an Initiate of Gozag.
             Slain by a sixfirhy (10 damage)
             ... summoned by an orc sorcerer
             ... while paralysed by a floating eye
             ... on level 2 of the Orcish Mines on Sept 24, 2018.
             The game lasted 01:27:57 (15858 turns).

Gunterle the Covert (Spriggan Fighter)             Turns: 15858, Time: 01:28:00

Health: -4/70      AC:  4    Str: 19    XL:     13   Next: 29%
Magic:  0/14       EV:  4    Int:  9    God:    Gozag
Gold:   2557       SH:  0    Dex: 22    Spells: 11/13 levels left

rFire    . . .     SeeInvis +   S - +6 rapier (elec)
rCold    . . .     Gourm    .   c - +0 buckler
rNeg     . . .     Faith    .   B - +2 robe {MR+}
rPois    .         Spirit   +   (helmet restricted)
rElec    .         Reflect  +   n - scarf {Spirit}
rCorr    .         Harm     .   (gloves unavailable)
MR       +++..                  (boots unavailable)
Stlth    ++++++....             H - +2 amulet of reflection
HPRegen  0.21/turn              W - +5 ring of dexterity
MPRegen  0.14/turn              l - +3 ring of strength

@: paralysed, very quick
A: very small, unfitting armour, see invisible, herbivore, speed 3, slow
metabolism 2
a: Potion Petition, Call Merchant, Bribe Branch, Renounce Religion


You were on level 2 of the Orcish Mines.
You worshipped Gozag.
Gozag was most pleased with you.
You were very hungry.

You visited 3 branches of the dungeon, and saw 15 of its levels.
You also visited: Ice Cave.

You collected 4726 gold pieces.
You spent 684 gold pieces at shops.
You paid 1485 gold pieces to Gozag.

Inventory:

Hand Weapons
 b - a +1 dagger of pain
 G - the +6 dagger "Jifouroki" {chaos, +Inv rPois}
   (You found it on level 6 of the Dungeon)

   Each time it hits an enemy it has a different, random effect.
   It protects you from poison.
   It lets you turn invisible.
 O - a +5 spear
 S - a +6 rapier of electrocution (weapon)
 X - a +0 blowgun
Missiles
 a - 8 needles of sleeping
 z - 34 poisoned needles
 A - 6 needles of confusion
 D - 8 curare-tipped needles
Armour
 c - a +0 buckler (worn)
 n - a scarf of spirit shield (worn)
 B - a +2 robe of magic resistance (worn)
Jewellery
 l - a +3 ring of strength (right hand)
 x - an uncursed ring of protection from cold
 E - an uncursed ring of protection from cold
 H - a +2 amulet of reflection (around neck)
 P - a +2 ring of evasion
 W - a +5 ring of dexterity (left hand)
Wands
 e - a wand of acid (3)
 q - a wand of disintegration (13)
 s - a wand of polymorph (22)
 t - a wand of digging (9)
Scrolls
 d - 2 scrolls of blinking
 k - 8 scrolls of remove curse
 u - a scroll of noise {unknown}
 v - a scroll of fear {unknown}
 K - a scroll of magic mapping
 N - a scroll of enchant armour
 Q - a scroll of immolation
 U - 2 scrolls of teleportation
Potions
 g - 2 potions of resistance {unknown}
 h - 3 potions of agility
 j - a potion of berserk rage
 m - 8 potions of curing
 o - 2 potions of heal wounds
 r - 4 potions of magic
 w - 6 potions of flight
 C - a potion of brilliance
 F - 6 potions of lignification
 L - a potion of invisibility {unknown}
 R - 2 potions of mutation
Miscellaneous
 y - a sack of spiders
 T - a phial of floods
Comestibles
 f - 20 rations


   Skills:
 + Level 8.9 Fighting
 - Level 14.0 Short Blades
 + Level 0.3 Armour
 + Level 14.3 Dodging
 + Level 14.7 Stealth
 + Level 2.3 Shields
 + Level 0.6 Spellcasting
 - Level 10.5 Translocations


You had 11 spell levels left.
You knew the following spells:

 Your Spells              Type           Power        Failure   Level  Hunger
a - Blink                 Tloc           N/A          1%          2    ###....

Your spell library contained the following spells:

 Spells                   Type           Power        Failure   Level  Hunger
 Gell's Gravitas          Tloc           ###.......   2%          3    ####...
 Lesser Beckoning         Tloc           ###.......   2%          3    ####...
 Teleport Other           Tloc           ###.....     2%          3    ####...
 Passage of Golubria      Tloc           N/A          7%          4    #####..
 Shroud of Golubria       Chrm/Tloc      #.........   10%         2    ###....
 Beastly Appendage        Tmut           #.....       50%         1    ##.....
 Confusing Touch          Hex            #.....       50%         1    ##.....
 Magic Dart               Conj           #...         50%         1    ##.....
 Force Lance              Conj/Tloc      #.......     52%         4    #####..
 Searing Ray              Conj           #.....       63%         2    ###....
 Sticks to Snakes         Tmut           #.......     63%         2    ###....
 Confuse                  Hex            #.......     86%         3    ####...
 Dazzling Spray           Conj/Hex       #.....       86%         3    ####...
 Spider Form              Tmut/Pois      #.........   86%         3    ####...
 Fulminant Prism          Conj/Hex       #.........   99%         4    #####..
 Ice Form                 Ice/Tmut       #.......     99%         4    #####..
 Iskenderun's Mystic Bla  Conj           #.......     99%         4    #####..
 Petrify                  Tmut/Erth      #.......     99%         4    #####..
 Blade Hands              Tmut           #.........   100%        5    ######.
 Metabolic Englaciation   Hex/Ice        #.........   100%        5    ######.
 Yara's Violent Unravell  Hex/Tmut       #.........   100%        5    ######.
 Bolt of Cold             Conj/Ice       #.........   100%        6    #######
 Freezing Cloud           Conj/Ice/Air   #.........   100%        6    #######
 Ozocubu's Refrigeration  Ice            #.........   100%        6    #######
 Simulacrum               Ice/Necr       #.........   100%        6    #######


Dungeon Overview and Level Annotations

Branches:
Dungeon (12/15)            Temple (1/1) D:5            Lair (0/6) D:8
    Orc (2/2) D:10            Elf (0/3) Orc:2

Altars:
Ashenzari
Cheibriados
Dithmenos
Elyvilon
Fedhas
Gozag
Hepliaklqana
Kikubaaqudgha
Makhleb
Nemelex Xobeh
Okawaru
Qazlal
Ru
Sif Muna
Trog
Uskayaw
Vehumet
Wu Jian
Xom
Yredelemnul
Zin
The Shining One

Shops:
D:10 =[(   Orc:2 *

Portals:
Trove: D:10 (give 6 scrolls of blinking)


Innate Abilities, Weirdness & Mutations

You are very small and have problems with some larger weapons.
You are too small for most types of armour.
You have supernaturally acute eyesight. (SInv)
You are a herbivore.
You cover ground extremely quickly.
You need to consume almost no food.


Message History

The orc sorcerer is lightly wounded.
The floating eye gazes piercingly through you!
You suddenly lose the ability to move!
An orc wizard comes into view. It is wielding a dagger.
The orc sorcerer hits you but does no damage.
The sixfirhy hits you but does no damage.
The sixfirhy hits you! The sixfirhy shocks you!
The orc knight roars a battlecry!
The orc knight goes into a battle-frenzy!
The orc sorcerer casts a spell at you. You resist with almost no effort.
You hear a shout! x2
The sixfirhy hits you. The sixfirhy shocks you! The sixfirhy hits you.
The sixfirhy shocks you! The sixfirhy hits you! The sixfirhy shocks you!
* * * LOW HITPOINT WARNING * * *
The sixfirhy hits you!
* * * LOW HITPOINT WARNING * * *
The sixfirhy shocks you!
You die...
Your body crumbles into a pile of gold.

#...................
##.#................
###...##...........
##..###......#...
###...#...........
####.##.......#......
###.#...##.............
##......##..........#...
#.....3@)...............
######o###########.[[[.#
######G###### #......
**#.....o.oo.o### #...... #
**...####o####..o## #......
#####**,,*****#.######o.###..#...
.##.#*,,***,,,#o#..o###..##......
....#*,**,,,,,#.#.o.oo##o##......
....#*,*,,,,,,#.#.....$#.##......


You could see 2 orc knights, a sixfirhy, an orc sorcerer, a floating eye and an
orc wizard.

Vanquished Creatures
  Frances (D:12)
  A frost giant (IceCv)
  Nessos (D:12)
  A hydra (D:11)
  Fannar (D:11)
  6 two-headed ogres
  An unseen horror (D:10)
  2 orc knights
  2 deep elf magi
  An ugly thing (D:7)
  2 cyclopes (D:7)
  2 orc sorcerers
  4 centaur zombies
  An ice statue (IceCv)
  A centaur skeleton (D:12)
  A kobold demonologist (D:7)
  3 komodo dragons
  4 trolls
  A hornet (D:11)
  Prince Ribbit (D:6)
  16 polar bears (IceCv)
  A hippogriff (D:11)
  2 shadows
  18 yaks
  A basilisk (D:8)
  A wyvern (D:8)
  2 wargs
  2 acid dragons
  5 ice beasts
  A sky beast (D:9)
  12 orc warriors
  An eye of draining (D:11)
  A swamp drake (Orc:2)
  2 phantoms
  17 ogres
  3 black bears
  14 wolves (IceCv)
  2 centaurs
  A crocodile (D:8)
  2 big kobolds
  8 bullfrogs
  A wyvern skeleton (D:9)
  A scorpion (D:9)
  8 killer bees
  4 wights
  An electric eel (D:12)
  A howler monkey (D:11)
  6 crimson imps
  A bullfrog zombie (D:8)
  6 hounds
  4 bullfrog skeletons
  13 orc priests
  4 jellies
  An iguana (D:11)
  19 orc wizards
  12 worker ants
  A killer bee zombie (D:7)
  A hound zombie (D:6)
  A hound skeleton (D:5)
  2 worker ant zombies
  2 gnolls (D:6)
  A howler monkey skeleton (D:11)
  11 adders
  4 shadow imps
  12 white imps (Orc:2)
  An ufetubus (D:7)
  2 oozes
  2 adder skeletons
  An adder zombie (D:5)
  2 worms
  A dart slug (D:1)
  7 leopard geckos
  57 orcs
  2 ball pythons
  4 giant cockroaches
  6 goblins
  6 hobgoblins
  7 jackals
  3 quokkas
  A ball python skeleton (D:3)
  3 bats
  3 frilled lizards
  18 kobolds
  5 rats
397 creatures vanquished.

Vanquished Creatures (others)
  6 yaks
  3 wolves (IceCv)
  A kobold (D:10)
10 creatures vanquished.

Grand Total: 407 creatures vanquished

Notes
Turn   | Place    | Note
-------+----------+-------------------------------------------
     0 | D:1      | Gunterle the Spriggan Fighter began the quest for the Orb.
     0 | D:1      | Reached XP level 1. HP: 11/11 MP: 2/2
   267 | D:1      | Reached skill level 1 in Stealth
   268 | D:1      | Reached XP level 2. HP: 7/16 MP: 3/3
   897 | D:2      | Found a bloodstained altar of Trog.
  1096 | D:2      | Reached XP level 3. HP: 12/19 MP: 4/4
  1846 | D:3      | Found a shimmering altar of Xom.
  1867 | D:3      | Reached skill level 5 in Dodging
  2008 | D:3      | Found a hide-covered altar of Uskayaw.
  2092 | D:3      | Reached XP level 4. HP: 23/23 MP: 5/5
  2619 | D:4      | Noticed an ogre
  2626 | D:4      | Killed an ogre
  2626 | D:4      | Reached XP level 5. HP: 28/28 MP: 6/6
  2873 | D:4      | Noticed an ogre
  2885 | D:4      | Killed an ogre
  2885 | D:4      | Reached XP level 6. HP: 28/32 MP: 7/7
  2976 | D:4      | Learned a level 2 spell: Blink
  3086 | D:5      | Entered Level 5 of the Dungeon
  3200 | D:5      | Reached skill level 5 in Short Blades
  3475 | D:5      | Found a staircase to the Ecumenical Temple.
  3482 | D:5      | Found a faded altar of an unknown god.
  3501 | Temple   | Entered the Ecumenical Temple
  3729 | D:5      | Found an opulent altar of Gozag.
  3730 | D:5      | Found a basalt altar of Yredelemnul.
  3730 | D:5      | Found an ancient bone altar of Kikubaaqudgha.
  3731 | D:5      | Found a white marble altar of Elyvilon.
  3750 | D:5      | Reached XP level 7. HP: 24/36 MP: 8/8
  3777 | D:5      | Reached skill level 5 in Stealth
  3950 | D:5      | You fall through a shaft!
  4003 | D:6      | Noticed Prince Ribbit
  4011 | D:6      | Killed Prince Ribbit
  4088 | D:5      | Became a worshipper of Gozag Ym Sagoz the Greedy
  4134 | D:5      | Found an iron altar of Okawaru.
  4278 | D:5      | Found a radiant altar of Vehumet.
  4980 | D:5      | Reached XP level 8. HP: 27/42 MP: 9/9
  5023 | D:6      | Got a translucent dagger
  5024 | D:6      | Identified the +6 dagger "Jifouroki" {chaos, +Inv rPois}
                  | (You found it on level 6 of the Dungeon)
  5149 | D:6      | Found a stormy altar of Qazlal.
  5960 | D:7      | Reached XP level 9. HP: 26/46 MP: 10/10
  5962 | D:7      | Noticed a kobold demonologist
  6259 | D:7      | Reached skill level 5 in Fighting
  6290 | D:7      | Noticed a green ugly thing
  6290 | D:7      | Noticed a cyclops
  6290 | D:7      | Noticed a two-headed ogre
  6372 | D:7      | Killed a two-headed ogre
  6376 | D:7      | Killed a cyclops
  6382 | D:7      | Killed a green ugly thing
  6382 | D:7      | Reached skill level 10 in Short Blades
  6382 | D:7      | Reached skill level 10 in Dodging
  6431 | D:7      | Noticed a cyclops
  6502 | D:7      | Killed a cyclops
  6502 | D:7      | Reached skill level 10 in Stealth
  6502 | D:7      | Reached XP level 10. HP: 39/53 MP: 11/11
  7942 | D:8      | Reached skill level 1 in Translocations
  7956 | D:8      | Found a staircase to the Lair.
  8256 | D:9      | Noticed a two-headed ogre
  8271 | D:9      | Killed a two-headed ogre
  8605 | D:9      | Found an ornate altar of the Wu Jian Council.
  8652 | D:9      | Found a sacrificial altar of Ru.
  8818 | D:9      | Found a shadowy altar of Dithmenos.
  9141 | D:10     | Entered Level 10 of the Dungeon
  9151 | D:10     | Reached XP level 11. HP: 58/58 MP: 12/12
  9337 | D:10     | Found a staircase to the Orcish Mines.
  9652 | D:10     | Found a portal to a secret trove of treasure.
  9847 | D:10     | Noticed an unseen horror
  9854 | D:10     | Killed an unseen horror
  9854 | D:10     | Reached skill level 5 in Translocations
  9957 | D:10     | Found Uclabed's Jewellery Shop.
 10388 | D:11     | Noticed a deep elf mage
 10396 | D:11     | Killed a deep elf mage
 10555 | D:11     | Noticed a two-headed ogre
 10580 | D:11     | Killed a two-headed ogre
 10731 | D:11     | Noticed Fannar
 10734 | D:11     | Noticed a six-headed hydra
 11014 | D:11     | Killed a six-headed hydra
 11451 | D:12     | Noticed a two-headed ogre
 11457 | D:12     | Killed a two-headed ogre
 11533 | D:12     | Noticed a two-headed ogre
 11547 | D:12     | Killed a two-headed ogre
 11547 | D:12     | Reached XP level 12. HP: 60/63 MP: 13/13
 11554 | D:12     | Noticed Nessos
 11566 | D:12     | Killed Nessos
 11686 | D:11     | Killed Fannar
 12268 | D:12     | Noticed Frances
 12276 | D:12     | Killed Frances
 12536 | D:10     | Bought a glowing quick blade for 684 gold pieces
 12545 | Orc:1    | Entered Level 1 of the Orcish Mines
 12708 | Orc:2    | Entered Level 2 of the Orcish Mines
 12762 | Orc:2    | Found a staircase to the Elven Halls.
 12985 | Orc:2    | Found a frozen archway.
 13029 | IceCv    | Entered an ice cave
 13538 | IceCv    | Reached XP level 13. HP: 69/69 MP: 14/14
 13685 | IceCv    | Noticed a frost giant
 13714 | IceCv    | Killed a frost giant
 13714 | IceCv    | Reached skill level 10 in Translocations
 15589 | Orc:1    | Found a burning altar of Makhleb.
 15802 | Orc:2    | Found Hunt's General Store.
 15855 | Orc:2    | Paralysed by a floating eye for 3 turns
 15858 | Orc:2    | Slain by a sixfirhy

Skill      XL: |  1  2  3  4  5  6  7  8  9 10 11 12 13 |
---------------+----------------------------------------+-----
Stealth        | 1 2 3 4 6 8 10 11 12 14 | 14.7
Short Blades   | 3 4 5 6 8 10 11 13 14 | 14.0
Dodging        | 5 6 7 8 10 11 12 13 14 | 14.3
Fighting       | 3 4 6 7 8 |  8.9
Translocations | 4 7 9 10 | 10.5
Armour         | |  0.3
Shields        | |  2.3
Spellcasting   | |  0.6

Action                   |  1- 3 |  4- 6 |  7- 9 | 10-12 | 13-15 || total
-------------------------+-------+-------+-------+-------+-------++-------
Melee: Rapier            |   130 |   159 |    81 |   688 |   158 ||  1216
       Dagger            |       |       |   171 |    64 |       ||   235
       Spear             |       |       |       |     4 |       ||     4
 Fire: Hunting sling     |       |       |       |     4 |       ||     4
       Blowgun           |       |       |       |       |    13 ||    13
Throw: Tomahawk          |     1 |       |       |       |       ||     1
 Cast: Blink             |       |       |       |     1 |       ||     1
Invok: Call Merchant     |       |       |       |     2 |       ||     2
Evoke: Wand              |       |       |     9 |    18 |    10 ||    37
       Phial of floods   |       |       |       |     1 |       ||     1
  Use: Potion            |     1 |     1 |       |     1 |     1 ||     4
       Scroll            |     3 |     4 |     5 |    15 |     1 ||    28
 Stab: Sleeping          |     7 |     7 |     7 |    40 |     1 ||    62
       Distracted        |       |       |     1 |    10 |     4 ||    15
       Paralysed         |       |       |     6 |     2 |       ||     8
       Confused          |       |       |     1 |     1 |       ||     2
       Petrifying        |       |       |     3 |       |       ||     3
  Eat: Ration            |       |       |     1 |     4 |     1 ||     6
Armor: Robe              |     4 |     2 |     2 |    17 |     5 ||    30
Dodge: Dodged            |    67 |   138 |   105 |   352 |    67 ||   729
Block: Buckler           |    21 |    37 |    48 |   156 |    37 ||   299
       Reflection        |       |       |       |     7 |       ||     7
